Match 45124956
Unlisted

Match 45124956
End
Construct Infanterie Kompanie
Grenadier Squad
Grenadier Squad
Selects Breakthrough Battlegroup
Selects Assault Grenadiers
Grenadier Squad
Grenadier Squad
Infanterie Officer Quarters
MG 42 Bunker
Construct Panzergrenadier Kompanie
251 Medium Carrier
Selects Smoke Bombing Run
Smoke Bombing Run
Selects Mechanized Assault Group
Mechanized Assault Group
Construct Panzer Kompanie
Smoke Bombing Run
SMOKO
Theprophetfire
Blaston
Penultimate Peacock
Not vincentbui
JarJarWick
wula
papa smurf
0
0

Comments sign in to comment!

No comments posted yet!